 Dungeon Crawl Stone Soup version 0.27-a0-1332-g84bddb5ca7 (webtiles) character file.

Game seed: 9437921961933337624

44 spiderkeys the Skirmisher (level 3, 0/31 HPs)
             Began as a Palentonga Abyssal Knight on June 25, 2021.
             Was a Follower of Lugonu.
             Slain by a gnoll (9 damage)
             ... on level 1 of the Dungeon.
             The game lasted 00:02:07 (1644 turns).

spiderkeys the Skirmisher (PaAK)                    Turns: 1644, Time: 00:02:08

Health: 0/31       AC:  4    Str: 16    XL:     3   Next: 41%
Magic:  4/4        EV:  9    Int: 12    God:    Lugonu [*.....]
Gold:   50         SH:  0    Dex:  9    Spells: 2/2 levels left

rFire    . . .     SeeInvis +   a - +1 spear
rCold    . . .     Faith    .   (no shield)
rNeg     . . .     Spirit   .   b - +0 leather armour
rPois    .         Reflect  .   (no helmet)
rElec    .         Harm     .   (no cloak)
rCorr    .         Rampage  .   (no gloves)
Will     .....                  (no barding)
Stlth    +.........             (no amulet)
HPRegen  0.10/turn              (no ring)
MPRegen  0.09/turn              (no ring)

@: no status effects
A: large, rugged brown scales 3, see invisible, deformed body, roll 1, armoured
tail
a: Rolling Charge, Renounce Religion, Depart the Abyss


You were on level 1 of the Dungeon.
You worshipped Lugonu.
Lugonu was aware of your devotion.
You visited 1 branch of the dungeon, and saw 2 of its levels.
You visited the Abyss 1 time.

You collected 50 gold pieces.


Innate Abilities, Weirdness & Mutations

You are completely covered in rugged brown scales. (AC +3, +7% HP)
You have supernaturally acute eyesight. (SInv)
Armour fits poorly on your strangely shaped body.
You can roll at nearby foes to attack.
You have a long armoured tail.


   Skills:
 + Level 3.3 Fighting
 + Level 2.2 Polearms
 + Level 2.0 Armour
 + Level 1.3 Dodging
 + Level 2.5 Invocations


You had 2 spell levels left.
You didn't know any spells.
Your spell library was empty.

Inventory:

Hand Weapons
 a - a +1 spear (weapon)
Missiles
 c - 16 sling bullets
 f - 19 stones
Armour
 b - a +0 leather armour (worn)
Jewellery
 E - a +4 ring of evasion
   (You found it on level 1 of the Dungeon)
Scrolls
 d - 2 scrolls of noise {!r}
 e - a scroll of enchant weapon
 g - a scroll of holy word
 j - a scroll of fog
Potions
 h - a potion of heal wounds {unknown}
 i - a potion of berserk rage {unknown}

Dungeon Overview and Level Annotations

Branches:
Dungeon (2/15)

Altars:

#######
#######.....##############
####8#..8#####.g............#
...#^#.#^#......@..[........#
####.....####..)............#
####.#....# #....############
...###....# #....#
....._....###....#
...###....[##....#
...#.#...........#
##.#.....####....# .#.#.#.#^#
#....#


You could see a gnoll.


Message History

You hit the hobgoblin but do no damage. The hobgoblin hits you. 😮 HP[-4]
You take 4 damage, and now have 17/31 hp.
You hit the hobgoblin but do no damage.
Your tail-slap misses the hobgoblin.
The hobgoblin hits you.
You barely miss the hobgoblin. The hobgoblin closely misses you.
You hit the hobgoblin.
You kill the hobgoblin!
Lugonu accepts your kill.
Things that are here:
a +0 club; a goblin corpse Key pressed, stopping explore.
A goblin comes into view. It is wielding a +0 club.
A goblin is nearby! 😕 HP[+11]
You regained 11 hp, and now have 28/31 hp.
A goblin is nearby!
A goblin is nearby!
A goblin is nearby!
The goblin shouts!
Things that are here:
a +0 club; a goblin corpse You roll forward with a clatter of scales!
You barely miss the goblin.
You hear a shout!
The goblin hits you but does no damage.
A goblin is nearby!
You hit the goblin.
You kill the goblin!
Lugonu accepts your kill.
No target in view!
No target in view!
f - 19 stones (gained 15)
Things that are here:
a +0 club; a goblin corpse Key pressed, stopping explore.
You now have 50 gold pieces (gained 10).
Found a pair of runed boots. 😎 HP[+3]
Your hp is fully restored (31).
A gnoll comes into view. It is wielding a +0 spear.
The gnoll shouts!
You hear a shout!
A gnoll is nearby!
A gnoll comes into view. It is wielding a +0 halberd.
There are monsters nearby!
A gnoll comes into view. It is wielding a +0 flail.
The gnoll shouts!
You reach to attack!
You closely miss the gnoll.
You reach to attack!
You completely miss the gnoll.
The gnoll hits you from afar with a +0 spear. 😕 HP[-3]
You take 3 damage, and now have 28/31 hp.
You reach to attack!
You closely miss the gnoll.
The gnoll hits you from afar with a +0 spear.
The gnoll hits you from afar with a +0 halberd. 😮 HP[-6]
You take 6 damage, and now have 22/31 hp.
You are too injured to fight recklessly!
The gnoll barely misses you.
The gnoll throws a stone.
The stone hits you. 😮 HP[-1]
You take 1 damage, and now have 21/31 hp.
You see here a +0 club. 😮 HP[+1]
Things that are here:
a +0 club; a goblin corpse The gnoll throws a stone.
The stone closely misses you. 😮 HP[+1]
There is a stone staircase leading up here.
You climb upwards.
There is a stone staircase leading down here.
You start resting. 😎 HP[+8]
Your hp is fully restored (31).
You climb downwards.
The gnoll hits you with a +0 flail.
The gnoll hits you from afar with a +0 spear.
There is a stone staircase leading up here. 😕 HP[-7]
You take 7 damage, and now have 24/31 hp.
MASSIVE DAMAGE!! (PAUSE)
The gnoll closely misses you.
You climb upwards.
There is a stone staircase leading down here.
You hit the gnoll. The gnoll barely misses you.
You hit the gnoll. You tail-slap the gnoll.
The gnoll hits you with a +0 flail. 😮 HP[-4]
You take 4 damage, and now have 20/31 hp.
You closely miss the gnoll.
The gnoll hits you with a +0 flail. 😮 HP[-4]
You take 4 damage, and now have 16/31 hp.
You hit the gnoll. You tail-slap the gnoll. The gnoll hits you with a +0 flail!
* * * LOW HITPOINT WARNING * * *
😨 HP[-8]
You take 8 damage, and now have 8/31 hp.
MASSIVE DAMAGE!! (PAUSE)
You hit the gnoll but do no damage.
Your tail-slap misses the gnoll.
The gnoll barely misses you. 😨 HP[+1]
You closely miss the gnoll. The gnoll hits you with a +0 flail!
You die...

Skill      XL: |  1  2  3 |
---------------+----------+-----
Dodging        | 1 |  1.3
Polearms       | 2 |  2.2
Armour         | 2 |  2.0
Fighting       | |  3.3
Invocations    | |  2.5

Action                   || total
-------------------------++-------
Melee: Spear             ||   110
       Tailslap          ||    10
Invok: Depart the Abyss  ||     1
 Abil: Rolling Charge    ||     5
  Use: Scroll            ||     4
Armor: Leather armour    ||    35
Dodge: Dodged            ||    42

Levels and vault maps discovered:
D:1:      eino_arrival_tree_alley, layout_basic,
          shapermc_ecumenical_altar_mp_highgroup
D:2:      layout_rooms

Notes
Turn   | Place    | Note
-------+----------+-------------------------------------------
     0 | Abyss:1  | spiderkeys the Palentonga Abyssal Knight began the quest
                  | for the Orb.
     0 | Abyss:1  | Reached XP level 1. HP: 19/19 MP: 2/2
     0 | Abyss:1  | magus.rc [v1.9.10]
    36 | Abyss:1  | Noticed a death knight
    44 | Abyss:1  | Found a corrupted altar of Lugonu.
    91 | Abyss:2  | Noticed a thrashing horror
    92 | D:1      | You pass through the gate.
    92 | D:1      | Escaped the Abyss
   348 | D:1      | Reached * piety under Lugonu
   566 | D:1      | Reached skill level 1 in Dodging
   567 | D:1      | Reached XP level 2. HP: 22/25 MP: 3/3
   581 | D:1      | Reached skill level 2 in Polearms
   983 | D:1      | Found a faded altar of an unknown god.
  1331 | D:2      | Reached XP level 3. HP: 31/31 MP: 4/4
  1359 | D:2      | Reached skill level 2 in Armour
  1644 | D:1      | Slain by a gnoll

Vanquished Creatures
  An adder (D:2)
  2 dart slugs
  A bat (D:1)
  An endoplasm (D:2)
  2 giant cockroaches (D:1)
  4 goblins
  5 hobgoblins
  4 jackals (D:1)
  A quokka (D:2)
  A ball python (D:1)
  A frilled lizard (D:2)
  3 kobolds (D:1)
  2 rats (D:1)
28 creatures vanquished.

Table legend:
 A = Non-vault XP
 B = Vault XP
 C = Vault XP percentage of total XP
 D = Non-vault monster count
 E = Vault monster count
 F = Vault count percentage of total count
                 A         B        C        D         E       F
            +---------+---------+-------+---------+---------+-------
      Total |      64 |       0 |   0.0 |      28 |       0 |   0.0
            +---------+---------+-------+---------+---------+-------
        D:1 |      32 |       0 |   0.0 |      18 |       0 |   0.0
        D:2 |      32 |       0 |   0.0 |      10 |       0 |   0.0
            +---------+---------+-------+---------+---------+-------

Illustrated notes

Table legend:
 A = Kills in this place as a percentage of kills in entire the game.
 B = Kills by you in this place as a percentage of kills by you in the entire game.
 C = Kills by friends in this place as a percentage of kills by friends in the entire game.
 D = Other kills in this place as a percentage of other kills in the entire game.
 E = Experience gained in this place as a percentage of experience gained in the entire game.
 F = Experience gained in this place divided by the number of levels of this place that you have seen.
                   A       B       C       D       E      F
               +-------+-------+-------+-------+-------+----------------------
         Total | 100.0 | 100.0 |   N/A |   N/A | 100.0 |  16.0
       Dungeon | 100.0 | 100.0 |   N/A |   N/A | 100.0 |  32.0
               +-------+-------+-------+-------+-------+----------------------

Table legend: (Time is in decaauts)
 A = Elapsed time spent in this place.
 B = Non-inter-level travel time spent in this place.
 C = Inter-level travel time spent in this place.
 D = Time resting spent in this place.
 E = Time spent auto-exploring this place.
 F = Levels seen in this place.
 G = Mean time per level.
                   A        B        C        D        E       F      G
               +--------+--------+--------+--------+--------+-----+--------+
         Total |   1645 |   1608 |     37 |     77 |   1246 |   4 |  411.2 |
       Dungeon |   1552 |   1515 |     37 |     77 |   1236 |   2 |  776.0 |
         Abyss |     92 |     92 |      0 |      0 |     10 |   2 |   46.0 |
               +--------+--------+--------+--------+--------+-----+--------+

Top non-repeatable levels by time:
     D:1: 1286 daAuts
     D:2: 265 daAuts
 Abyss:1: 50 daAuts
 Abyss:2: 42 daAuts
